 Seeded DCSS version 0.29.1-15-g9cfb28693d (webtiles) character file.

Game seed: 1 (custom seed)

829 Kazon the Trooper (level 7, -3/76 HPs)
             Began as an Ogre Gladiator on Mar 27, 2023.
             Slain by a sky beast (6 damage)
             ... on level 5 of the Dungeon.
             The game lasted 00:14:20 (3347 turns).

Kazon the Trooper (Ogre Gladiator)                  Turns: 3347, Time: 00:14:21

Health: -3/76      AC:  3    Str: 19    XL:     7   Next: 97%
Magic:  13/13      EV: 11    Int: 11    God:
Gold:   324        SH:  0    Dex: 10    Spells: 14/15 levels left

rFire   . . .      SeeInvis .   e - +2 dagger (venom)
rCold   . . .      Faith    .   (no shield)
rNeg    + . .      Spirit   .   m - +0 robe
rPois   .          Reflect  .   c - +0 hat
rElec   .          Harm     .   (no cloak)
rCorr   .          Rampage  .   (gloves unavailable)
Will    .....                   (boots unavailable)
Stlth   ++........              g - amulet of the acrobat
HPRegen 0.22/turn               r - ring of positive energy
MPRegen 0.13/turn               (no ring)

@: no status effects
A: large, unfitting armour, tough skin 1
a: no special abilities


You were on level 5 of the Dungeon.
You visited 1 branch of the dungeon, and saw 5 of its levels.

You collected 324 gold pieces.

Inventory:

Hand Weapons
 e - a +2 dagger of venom (weapon)
 f - a +0 spectral giant spiked club
Missiles
 d - 3 throwing nets
 l - 2 stones (quivered)
 o - a large rock
 w - 5 boomerangs
 z - 2 curare-tipped darts
Armour
 c - a +0 hat (worn)
 m - a +0 robe (worn)
Jewellery
 g - an amulet of the acrobat (around neck)
 r - a ring of positive energy (left hand)
Wands
 x - a wand of mindburst (20)
 y - a wand of flame (14)
Scrolls
 i - 9 scrolls of identify {unknown}
 n - a scroll of immolation {unknown}
 p - a scroll of poison {unknown}
 q - a scroll of fog {unknown}
 s - a scroll of teleportation {unknown}
 t - a scroll of magic mapping {unknown}
 v - a scroll of noise {unknown}
Potions
 a - a potion of ambrosia {unknown}
 b - 2 potions of berserk rage {unknown}
 h - 2 potions of haste {unknown}
 j - a potion of attraction {unknown}
 k - a potion of flight {unknown}
 u - a potion of lignification {unknown}


   Skills:
 + Level 6.7 Fighting
 + Level 3.4 Short Blades
 + Level 6.6 Maces & Flails
 + Level 4.9 Throwing
 + Level 3.3 Armour
 + Level 5.1 Dodging
 + Level 3.5 Stealth
 + Level 4.6 Spellcasting
 + Level 0.2 Transmutations
 * Level 0.5 Evocations


You had 14 spell levels left.
You knew the following spells:

 Your Spells              Type           Power      Damage    Failure   Level
a - Sting                 Tmut/Pois      8%         1d3       22%         1

Your spell library contained the following spells:

 Spells                   Type           Power      Damage    Failure   Level
 Apportation              Tloc           4%         N/A       22%         1
 Necrotise                Necr           8%         1d4       22%         1
 Summon Small Mammal      Summ           8%         N/A       22%         1
 Poisonous Vapours        Pois/Air       4%         N/A       34%         2
 Olgreb's Toxic Radiance  Pois           2%         N/A       92%         4
 Fireball                 Conj/Fire      1%         3d3       99%         5
 Iskenderun's Battlesphe  Conj           2%         2d6       99%         5
 Conjure Ball Lightning   Conj/Air       1%         3x3d6     100%        6
 Orb of Destruction       Conj           1%         9d5       100%        7


Dungeon Overview and Level Annotations

Branches:
Dungeon (5/15)
 Temple: D:4-7

Altars:
Hepliaklqana

Shops:
D:3 (


Innate Abilities, Weirdness & Mutations

You are too large for most types of armour.
You have tough skin. (AC +1)


Message History

You feel sick.
You feel sick.
A centaur comes into view.
Something hits you but does no damage.
The centaur moves out of view.
You see here a scorpion corpse.
You feel sick.
A sky beast appears from thin air!
Reactivating autopickup.
The sky beast hits you. The sky beast shocks you.
You closely miss the sky beast.
You feel sick.
The sky beast flickers out of sight!
Deactivating autopickup; reactivate with Ctrl-A.
Something hits you. Something shocks you.
You completely miss something. You miss something.
You feel sick.
You are no longer poisoned.
Something hits you but does no damage.
You closely miss something. Something completely misses you.
You hit something. Something hits you. Something shocks you.
* * * LOW HITPOINT WARNING * * *
You miss something. Something hits you.
* * * LOW HITPOINT WARNING * * *
Something shocks you.
* * * LOW HITPOINT WARNING * * *
You hit something but do no damage. Something hits you but does no damage.
You hit something but do no damage. You barely miss something.
Your punch misses something.
A sky beast appears from thin air!
Reactivating autopickup.
The sky beast hits you.
* * * LOW HITPOINT WARNING * * *
The sky beast shocks you.
* * * LOW HITPOINT WARNING * * *
You closely miss the sky beast.
The sky beast is moderately wounded.
The sky beast flickers out of sight!
Deactivating autopickup; reactivate with Ctrl-A.
Something hits you.
* * * LOW HITPOINT WARNING * * *
Something shocks you.
You die...

##..# #..#
##.#######
#..##...## ..
##.##....## ...
#..#.....# #..#
##.#.....##..#
#.†#....#..#
#@{#...#...#
##..).....#
#..#.....##
........#####..##
...!ls..# ##..#
.......## #..##
....... ##.)#
....... #..##
##..### ##..##


There were no monsters in sight!

Vanquished Creatures
  Eustachio (D:5)
  4 scorpions
  A hound (D:4)
  An orc priest (D:3)
  An iguana (D:4)
  Robin (D:3)
  6 gnolls
  6 adders
  An ufetubus (D:5)
  3 worms
  5 orcs
  11 endoplasms
  A giant cockroach (D:1)
  16 goblins
  9 hobgoblins
  A jackal (D:4)
  4 kobolds
  A quokka (D:1)
  5 ball pythons
  4 bats
  3 frilled lizards
  6 rats
91 creatures vanquished.

Notes
Turn   | Place    | Note
-------+----------+-------------------------------------------
     0 | D:1      | Kazon the Ogre Gladiator began the quest for the Orb.
     0 | D:1      | Reached XP level 1. HP: 22/22 MP: 1/1
    32 | D:1      | Identified a scroll of acquirement
    32 | D:1      | Acquired a +0 spectral giant spiked club
   122 | D:1      | Reached XP level 2. HP: 29/29 MP: 2/2
   671 | D:2      | Reached XP level 3. HP: 36/36 MP: 3/3
   972 | D:2      | Learned a level 1 spell: Sting
  1142 | D:2      | Reached XP level 4. HP: 39/44 MP: 4/4
  1408 | D:3      | Found Umat's Antique Weapon Boutique.
  1555 | D:3      | Reached skill level 1 in Stealth
  1564 | D:3      | Noticed Robin
  1574 | D:3      | Killed Robin
  1575 | D:3      | Reached XP level 5. HP: 39/51 MP: 5/5
  1800 | D:3      | Reached skill level 1 in Spellcasting
  2054 | D:3      | Reached skill level 5 in Maces & Flails
  2054 | D:3      | Reached skill level 5 in Dodging
  2054 | D:3      | Reached XP level 6. HP: 68/68 MP: 7/12
  2401 | D:4      | Reached XP level 7. HP: 76/76 MP: 13/13
  2702 | D:4      | Found a hazy altar of Hepliaklqana.
  3228 | D:5      | Entered Level 5 of the Dungeon
  3256 | D:5      | Noticed Eustachio
  3260 | D:5      | Killed Eustachio
  3347 | D:5      | HP: 3/76 [something (3)]
  3347 | D:5      | Slain by a sky beast

Illustrated notes

Levels and vault maps discovered:
D:1:      dpeg_arrival_three_smaller_balls, layout_basic
D:2:      layout_loops_ring
D:3:      layout_basic, serial_shops, nicolae_shop_stone, st_stairs_9,
          minmay_misc_feat_doors, eino_curves_03, uniq_robin
D:4:      minmay_wonky_spiral, layout_basic,
          mainiacjoe_overflow_surrounded_room, minivault_5
D:5:      layout_cave_pods, uniq_menkaure, uniq_eustachio

Skill      XL: |  1  2  3  4  5  6 |
---------------+-------------------+-----
Dodging        | 3 5 |  5.1
Maces & Flails | 3 4 5 6 |  6.6
Stealth        | 1 3 |  3.5
Fighting       | 3 6 |  6.7
Spellcasting   | 4 |  4.6
Short Blades   | 3 |  3.4
Throwing       | 4 |  4.9
Armour         | 3 |  3.3
Transmutations | |  0.2
Evocations     | |  0.5

Action                   |  1- 3 |  4- 6 |  7- 9 || total
-------------------------+-------+-------+-------++-------
Melee: Giant spiked club |    52 |    57 |    39 ||   148
       Flail             |     3 |       |       ||     3
       Dagger            |       |       |    15 ||    15
Throw: Stone             |     2 |    31 |     6 ||    39
       Large rock        |     1 |       |       ||     1
 Cast: Sting             |     2 |       |       ||     2
  Use: Scroll            |     1 |       |       ||     1
       Potion            |       |     1 |       ||     1
 Stab: Sleeping          |     1 |     1 |     3 ||     5
       Distracted        |     1 |       |       ||     1
Armor: Robe              |    19 |     8 |    10 ||    37
Dodge: Dodged            |    46 |    45 |    36 ||   127
